 Dungeon Crawl Stone Soup version 0.23.2-30-g0e89c35649 (webtiles) character file.

Game seed: 1018801544194003552

12732 teukkam the Cleaver (level 11, -1/145 HPs)
             Began as a Minotaur Fighter on June 21, 2019.
             Was a High Priest of Trog.
             Engulfed by an ice statue's freezing vapour (8 damage)
             ... in an ice cave on June 23, 2019.
             The game lasted 00:38:30 (11466 turns).

teukkam the Cleaver (Minotaur Fighter)             Turns: 11466, Time: 00:38:31

Health: -1/145     AC: 16    Str: 30    XL:     11   Next: 66%
Magic:  10/10      EV:  9    Int:  5    God:    Trog [*****.]
Gold:   612        SH: 12    Dex:  9    Spells: 10/10 levels left

rFire    . . .     SeeInvis .   a - +1 war axe
rCold    . . .     Gourm    .   L - +0 shield
rNeg     . . .     Faith    .   X - +2 storm dragon scales
rPois    +         Spirit   .   (helmet restricted)
rElec    +         Reflect  .   (no cloak)
rCorr    .         Harm     .   (no gloves)
MR       .....                  (no boots)
Stlth    ..........             (no amulet)
HPRegen  0.34/turn              l - ring of wizardry
MPRegen  0.12/turn              v - ring of poison resistance

@: berserking, very quick
A: retaliatory headbutt, horns 2
a: Berserk, Trog's Hand, Brothers in Arms, Renounce Religion


You were in an ice cave.
You worshipped Trog.
Trog was extremely pleased with you.
You were hungry.

You visited 3 branches of the dungeon, and saw 14 of its levels.
You also visited: Ice Cave.

You collected 612 gold pieces.

Inventory:

Hand Weapons
 a - a +1 war axe (weapon)
 b - a +0 hand crossbow
 c - a +1 mace of crushing
 p - a +1 dagger of protection
 B - a +3 mace of freezing
 E - a +1 long sword of draining
Missiles
 s - 44 poisoned needles
 z - 2 needles of sleeping
 A - 5 tomahawks of dispersal
 C - a throwing net
 F - 4 tomahawks
 G - 19 sling bullets
 N - 74 bolts
 Q - 2 poisoned javelins (quivered)
 U - 5 javelins
Armour
 K - a +0 troll leather armour
 L - a +0 shield (worn)
 M - a +0 scale mail
 X - +2 storm dragon scales (worn)
Magical Staves
 T - an uncursed staff of cold {unknown}
Jewellery
 l - a ring of wizardry (left hand)
 v - a ring of poison resistance (right hand)
Wands
 n - a wand of digging (9)
 u - a wand of iceblast (15)
 y - a wand of flame (49)
 D - a wand of paralysis (18)
 J - a wand of clouds (5)
 P - a wand of acid (8)
Scrolls
 g - 4 scrolls of teleportation
 i - 11 scrolls of identify
 j - a scroll of fog
 m - 4 scrolls of remove curse
 o - a scroll of fear
Potions
 d - 3 potions of might
 h - 2 potions of heal wounds
 q - 2 potions of ambrosia {unknown}
 t - a potion of berserk rage
 w - a potion of lignification
 H - a potion of curing
 O - a potion of invisibility
 S - a potion of magic {unknown}
 W - 2 potions of flight {unknown}
Miscellaneous
 I - a phantom mirror
Comestibles
 f - 17 rations


   Skills:
 + Level 9.2 Fighting
 + Level 5.9 Long Blades
 + Level 12.6 Axes
 + Level 3.9 Crossbows
 - Level 2.8 Throwing
 + Level 10.3 Armour
 - Level 3.6 Dodging
 - Level 1.0 Stealth
 + Level 10.1 Shields
 - Level 0.3 Evocations


You had 10 spell levels left.
You didn't know any spells.
Your spell library was empty.

Dungeon Overview and Level Annotations

Branches:
Dungeon (11/15)            Temple (1/1) D:6            Lair (2/6) D:8
    Orc (0/2) D:11
  Swamp: Lair:2-4    Shoals: Lair:2-4     Snake: Lair:2-4    Spider: Lair:2-4

Altars:
Ashenzari
Cheibriados
Dithmenos
Elyvilon
Fedhas
Gozag
Hepliaklqana
Kikubaaqudgha
Nemelex Xobeh
Okawaru
Qazlal
Ru
Sif Muna
Trog
Uskayaw
Wu Jian
Xom
Yredelemnul
Zin
The Shining One

Portals:
Trove: D:10 (give +4 storm dragon scales)

Annotations:
D:6 1 runed translucent door, TrebMcFLY's ghost, novice GrFi
D:9 exclusion: ice statue
Temple exclusion: 6 oklob plants IceCv exclusion: ice statue


Innate Abilities, Weirdness & Mutations

You reflexively headbutt those who attack you in melee.
You have a pair of horns on your head.


Message History

You hit the ice statue but do no damage.
The ice statue is heavily damaged.
The ice statue gestures at you. x2
The bolt of cold hits you!!
* * * LOW HITPOINT WARNING * * *
You slice the ice statue!!
The ice statue is almost destroyed.
You are engulfed in freezing vapours.
* * * LOW HITPOINT WARNING * * *
The ice statue gestures.
You hit the ice statue. You headbutt the ice statue.
The ice statue is almost destroyed.
You are engulfed in freezing vapours.
* * * LOW HITPOINT WARNING * * *
You slash the ice statue!
You destroy the ice statue!
Trog accepts your kill.
The ice beast disappears in a puff of smoke!
You are engulfed in freezing vapours.
You die...

## # #### ####.#.##
##..## #### #.@.§...##
#....#####..####°○☼....#
.......##....##.°§☼....#
.∩.∩.......#.).☼°......#
..........###.☼☼§.....##
#....##..## ###.......#
##..###### ##......#
#### 8......# #.....##


You could see an ice statue.

Vanquished Creatures
  Harold (D:8)
  A two-headed ogre (D:8)
  A manticore (D:10)
  2 ugly things (D:11)
  An ice statue (IceCv)
  A black mamba (Lair:1)
  Grinder (D:4)
  2 trolls (D:11)
  A hippogriff (D:8)
  6 yaks
  A steam dragon (D:11)
  3 hungry ghosts (D:10)
  Menkaure (D:7)
  3 water moccasins
  2 sky beasts
  2 ice beasts (D:7)
  9 orc warriors
  3 black bears
  A necrophage (D:6)
  6 ogres
  A phantom (D:10)
  An eye of draining (D:10)
  4 centaurs
  A crocodile (Lair:1)
  2 big kobolds
  6 bullfrogs
  A scorpion (D:8)
  A water moccasin skeleton (D:4)
  7 killer bees
  15 wights
  A vampire bat (D:4)
  A howler monkey (D:7)
  2 centaur zombies (D:10)
  8 crimson imps
  2 quasits (D:8)
  2 bullfrog zombies
  14 hounds
  4 jellies
  A gnoll shaman (D:5)
  5 orc priests
  4 iguanas
  9 orc wizards
  10 worker ants
  A killer bee zombie (D:5)
  A hound skeleton (D:9)
  15 adders
  10 gnolls
  A shadow imp (D:6)
  17 white imps
  3 ufetubi (IceCv)
  6 oozes
  An adder skeleton (D:9)
  An adder zombie (D:8)
  3 worms
  2 dart slugs
  3 fire bats (D:4)
  8 leopard geckos
  26 orcs
  2 spectral bats (D:4)
  3 bat skeletons (D:4)
  A bat zombie (D:4)
  7 giant cockroaches
  9 goblins
  3 hobgoblins
  12 jackals
  2 quokkas
  2 ball pythons
  25 bats
  A bat simulacrum (D:4)
  6 frilled lizards
  14 kobolds
  A leopard gecko zombie (D:7)
  5 rats
341 creatures vanquished.

Vanquished Creatures (others)
  2 white imps (IceCv)
  4 ufetubi (IceCv)
  6 toadstools (D:2)
12 creatures vanquished.

Grand Total: 353 creatures vanquished

Notes
Turn   | Place    | Note
-------+----------+-------------------------------------------
     0 | D:1      | teukkam the Minotaur Fighter began the quest for the Orb.
     0 | D:1      | Reached XP level 1. HP: 19/19 MP: 0/0
   160 | D:1      | Reached XP level 2. HP: 24/27 MP: 1/1
   259 | D:2      | Noticed a crimson imp
   286 | D:2      | Killed a crimson imp
   286 | D:2      | Reached skill level 3 in Axes
   286 | D:2      | Reached XP level 3. HP: 22/34 MP: 2/2
   324 | D:2      | Reached XP level 4. HP: 31/41 MP: 3/3
   557 | D:3      | Found a glowing golden altar of the Shining One.
   561 | D:3      | Found a glowing silver altar of Zin.
   609 | D:3      | Found a blossoming altar of Fedhas.
   631 | D:3      | Reached skill level 5 in Shields
   712 | D:3      | Became a worshipper of Fedhas Madash
   784 | D:2      | Reached XP level 5. HP: 41/47 MP: 4/4
   876 | D:2      | Found a faded altar of an unknown god.
   885 | D:2      | Fell from the grace of Fedhas
   885 | D:2      | Became a worshipper of Trog the Wrathful
   885 | D:2      | Reached * piety under Trog
  1552 | D:2      | Reached skill level 4 in Axes
  1735 | D:3      | Reached skill level 1 in Dodging
  1815 | D:3      | Found a stormy altar of Qazlal.
  1837 | D:3      | You fall through a shaft for 3 floors!
  1850 | D:6      | Reached XP level 6. HP: 35/53 MP: 5/5
  1851 | D:6      | Reached ** piety under Trog
  1852 | D:6      | Reached skill level 5 in Axes
  1881 | D:5      | Entered Level 5 of the Dungeon
  2120 | D:4      | Reached skill level 6 in Axes
  2151 | D:4      | Reached XP level 7. HP: 59/60 MP: 6/6
  2594 | D:5      | Reached *** piety under Trog
  2594 | D:5      | Reached skill level 5 in Fighting
  2594 | D:5      | Reached skill level 7 in Axes
  2599 | D:5      | Reached skill level 5 in Armour
  2609 | D:5      | Reached XP level 8. HP: 36/68 MP: 7/7
  2984 | D:4      | Noticed Grinder
  2995 | D:4      | Killed Grinder
  2995 | D:4      | Reached skill level 8 in Axes
  3020 | D:4      | Noticed a wandering mushroom
  3020 | D:4      | Noticed a wandering mushroom
  3185 | D:6      | Found a staircase to the Ecumenical Temple.
  3202 | Temple   | Entered the Ecumenical Temple
  4108 | Temple   | Noticed an oklob plant
  4108 | Temple   | Noticed an oklob plant
  4108 | Temple   | Noticed an oklob plant
  4108 | Temple   | Noticed an oklob plant
  4108 | Temple   | Noticed an oklob plant
  4108 | Temple   | Noticed an oklob plant
  4286 | D:6      | Reached skill level 9 in Axes
  4338 | D:6      | Found a hide-covered altar of Uskayaw.
  4383 | D:6      | Found a runed translucent door.
  4387 | D:6      | Noticed TrebMcFLY's ghost (novice GrFi)
  4788 | D:6      | Found a snail-covered altar of Cheibriados.
  4857 | D:7      | Reached XP level 9. HP: 74/75 MP: 8/8
  5025 | D:7      | Reached skill level 1 in Throwing
  5086 | D:7      | Found an opulent altar of Gozag.
  5154 | D:7      | Noticed Menkaure
  5164 | D:7      | Killed Menkaure
  5275 | D:7      | Reached **** piety under Trog
  5305 | D:7      | Reached skill level 10 in Axes
  6355 | D:8      | Noticed Harold
  6375 | D:8      | Killed Harold
  6375 | D:8      | Reached skill level 11 in Axes
  6375 | D:8      | Reached skill level 1 in Stealth
  6375 | D:8      | Reached XP level 10. HP: 62/86 MP: 9/9
  6652 | D:8      | Found a sacrificial altar of Ru.
  7063 | D:8      | Noticed a two-headed ogre
  7074 | D:8      | Killed a two-headed ogre
  7074 | D:8      | Reached skill level 1 in Long Blades
  7345 | D:9      | Found a deep blue altar of Sif Muna.
  7423 | D:9      | Was forgiven by Fedhas
  7794 | D:9      | Received a gift from Trog
  8241 | D:9      | Found a bloodstained altar of Trog.
  8536 | D:9      | Noticed an ice statue
  8715 | D:10     | Entered Level 10 of the Dungeon
  8761 | D:11     | Noticed a purple ugly thing
  8778 | D:11     | Killed a purple ugly thing
  8854 | D:11     | Noticed a green ugly thing
  8873 | D:11     | Killed a green ugly thing
  8873 | D:11     | Reached skill level 12 in Axes
  8873 | D:11     | Reached skill level 1 in Crossbows
  8938 | D:11     | Reached XP level 11. HP: 95/95 MP: 10/10
  8992 | D:11     | Reached ***** piety under Trog
  9232 | D:11     | Found a staircase to the Orcish Mines.
  9434 | D:10     | Received a gift from Trog
  9671 | D:10     | Reached skill level 5 in Long Blades
  9862 | D:10     | Found a portal to a secret trove of treasure.
  9885 | D:10     | Reached skill level 10 in Armour
 10580 | D:8      | Found a staircase to the Lair.
 10743 | D:8      | Found an ancient bone altar of Kikubaaqudgha.
 10851 | Lair:1   | Entered Level 1 of the Lair of Beasts
 10899 | Lair:1   | Reached skill level 10 in Shields
 11332 | Lair:2   | Found a frozen archway.
 11360 | IceCv    | Entered an ice cave
 11447 | IceCv    | Received a gift from Trog
 11465 | IceCv    | HP: 7/145 [ice statue] (6)]
 11466 | IceCv    | Engulfed by an ice statue's freezing vapour

Skill      XL: |  1  2  3  4  5  6  7  8  9 10 11 |
---------------+----------------------------------+-----
Armour         | 4 5 7 8 9 10 | 10.3
Fighting       | 4 5 6 7 8 9 |  9.2
Axes           | 3 4 6 7 9 11 12 | 12.6
Shields        | 4 5 6 7 8 9 10 | 10.1
Dodging        | 1 2 3 |  3.6
Throwing       | 1 2 |  2.8
Stealth        | 1 |  1.0
Long Blades    | 4 5 |  5.9
Crossbows      | 1 3 |  3.9
Evocations     | |  0.3

Action                   |  1- 3 |  4- 6 |  7- 9 | 10-12 || total
-------------------------+-------+-------+-------+-------++-------
Melee: War axe           |    48 |   127 |   283 |   456 ||   914
       Headbutt          |     8 |    18 |    45 |    82 ||   153
 Fire: Hand crossbow     |       |       |       |    11 ||    11
Throw: Tomahawk          |       |       |     9 |     7 ||    16
       Javelin           |       |       |       |    25 ||    25
Invok: Fungal Bloom      |       |     2 |       |       ||     2
       Berserk           |       |     1 |     6 |    11 ||    18
       Trog's Hand       |       |       |     1 |       ||     1
Evoke: Wand              |       |       |     4 |     3 ||     7
  Use: Scroll            |       |     1 |     1 |    11 ||    13
       Potion            |       |       |     7 |     4 ||    11
  Eat: Chunk             |       |     3 |     8 |    22 ||    33
       Ration            |       |     1 |     3 |     3 ||     7
Armor: Scale mail        |    22 |    65 |   105 |    39 ||   231
       Troll leather arm |       |       |       |    33 ||    33
       Storm dragon scal |       |       |       |    38 ||    38
Dodge: Dodged            |     5 |    39 |    98 |   154 ||   296
Block: Shield            |    30 |    77 |   177 |   267 ||   551
